 Dungeon Crawl Stone Soup version 0.29.1-1-gd02db6906a (webtiles) character file.

Game seed: 645828597792325433

1268 Icepheonix32 the Twirler (level 8, -6/67 HPs)
             Began as a Minotaur Fighter on Oct 18, 2022.
             Mangled by an ogre
             ... wielding a +0 giant spiked club
              (9 damage)
             ... on level 6 of the Dungeon.
             The game lasted 00:12:19 (6358 turns).

Icepheonix32 the Twirler (Minotaur Fighter)         Turns: 6358, Time: 00:12:19

Health: -6/67      AC: 13    Str: 20    XL:     8   Next: 28%
Magic:  2/7        EV: 10    Int: 13    God:
Gold:   147        SH:  0    Dex: 11    Spells: 2/7 levels left

rFire   + . .      SeeInvis .   p - staff of cold
rCold   + + +      Faith    .   (no shield)
rNeg    . . .      Spirit   .   D - +2 ring mail {rC+}
rPois   .          Reflect  .   (helmet restricted)
rElec   .          Harm     .   g - scarf {rC+ rF+}
rCorr   .          Rampage  .   f - +1 pair of gloves
Will    .....                   (no boots)
Stlth   +.........              (no amulet)
HPRegen 0.21/turn               k - ring of wizardry
MPRegen 0.10/turn               v - +6 ring of intelligence

@: ice-armoured
A: horns 2, retaliatory headbutt
a: no special abilities


You were on level 6 of the Dungeon.
You visited 1 branch of the dungeon, and saw 6 of its levels.

You collected 384 gold pieces.
You spent 237 gold pieces at shops.

Inventory:

Hand Weapons
 a - a +0 war axe
 w - a +2 whip of venom
Missiles
 l - 2 boomerangs (quivered)
 m - 16 poisoned darts
 E - 6 javelins
 G - a throwing net
Armour
 c - a +0 buckler
 f - a +1 pair of gloves (worn)
 g - a scarf of resistance (worn)
 n - a +0 kite shield
 D - a +2 ring mail of cold resistance (worn)
Magical Staves
 p - a staff of cold (weapon)
Jewellery
 k - a ring of wizardry (left hand)
 v - a +6 ring of intelligence (right hand)
 H - a ring of wizardry
Wands
 b - a wand of paralysis (10)
 q - a wand of iceblast (2)
Scrolls
 e - 3 scrolls of blinking
 h - 2 scrolls of fog
 r - 4 scrolls of teleportation
 t - 5 scrolls of amnesia
 u - 3 scrolls of fear
 y - a scroll of vulnerability
Potions
 d - a potion of might
 i - 3 potions of curing
 j - 3 potions of berserk rage {unknown}
 o - 3 potions of brilliance {unknown}
 s - a potion of lignification
 x - 2 potions of attraction
 z - 2 potions of flight {unknown}
 A - 2 potions of heal wounds {unknown}
 B - a potion of resistance {unknown}
 C - a potion of degeneration {unknown}
 F - a potion of ambrosia {unknown}


   Skills:
 - Level 4.4 Fighting
 - Level 3.3 Axes
 + Level 5.4 Staves
 - Level 4.2 Armour
 - Level 0.1 Dodging
 - Level 4.1 Shields
 * Level 5.1 Ice Magic
 * Level 3.1 Evocations


You had 2 spell levels left.
You knew the following spells:

 Your Spells              Type           Power      Damage    Failure   Level
a - Ozocubu's Armour      Ice            20%        N/A       8%          3
b - Ensorcelled Hibernat  Hex/Ice        20%        N/A       11%         2

Your spell library contained the following spells:

 Spells                   Type           Power      Damage    Failure   Level
 Spider Form              Tmut/Pois      0%         N/A       50%         3
 Anguish                  Hex/Necr       0%         N/A       86%         4
 Metabolic Englaciation   Hex/Ice        5%         N/A       86%         5
 Simulacrum               Ice/Necr       5%         N/A       100%        6


Dungeon Overview and Level Annotations

Branches:
Dungeon (6/15)
 Temple: D:4-7

Altars:
Dithmenos
Kikubaaqudgha
Ru
Uskayaw
Vehumet
Yredelemnul

Shops:
D:4 *   D:5 (

Portals:
Abyss: D:3

Annotations:
D:3 2 transporters, lonewolfV2's ghost, weakling FeCj


Innate Abilities, Weirdness & Mutations

You have a pair of horns on your head.
You reflexively headbutt those who attack you in melee.


Message History

You hit the shadow imp but do no damage.
You freeze the shadow imp.
The shadow imp is moderately wounded.
The ogre hits you with a +0 giant spiked club!
The shadow imp barely misses you.
Unknown command.
Casting: Ozocubu's Armour (dangerous; 8% risk of failure)
Confirm with . or Enter, or press ? or * to list all spells.
You feel a surge of power! A film of ice covers your body!
The shadow imp gestures at you. Pain shoots through your body!
The ogre barely misses you.
Casting: Ozocubu's Armour (dangerous; 8% risk of failure)
Confirm with . or Enter, or press ? or * to list all spells.
Aiming: Ensorcelled Hibernation (safe; 11% risk of failure)
Press: ? - help, Shift-Dir - straight line, f - ogre
Aim: an ogre, wielding a +0 giant spiked club (chance to affect: 44%)
You feel a surge of power!
The ogre resists with some effort.
The shadow imp barely misses you. You furiously retaliate!
You headbutt the shadow imp. You closely miss the shadow imp.
Your headbutt misses the shadow imp.
The shadow imp is heavily wounded.
The shadow imp barely misses you.
The ogre hits you with a +0 giant spiked club!!
Unknown command.
You hit the shadow imp. You freeze the shadow imp. You headbutt the shadow imp.
You kill the shadow imp!
The ogre hits you with a +0 giant spiked club!
* * * LOW HITPOINT WARNING * * *
Unknown command.
You hit the ogre.
The ogre is lightly wounded.
You hit the ogre.
The ogre is moderately wounded.
The ogre hits you with a +0 giant spiked club!
* * * LOW HITPOINT WARNING * * *
Unknown command.
You hit the ogre.
The ogre is moderately wounded.
The ogre hits you with a +0 giant spiked club!
You die...

#.#.. #.#####.#.##
#.#.? #.......#.##
.... #.#######.##
#.. #.######..##
#..#### #........##
#.#.....###..#######
#...................
#.#.#O#.###..######.
#@#.# #..# #.#.#
#..# #.#.# #..#
..... ...# .....
...# ##..## #..#
##.# <#


You could see an ogre.

Vanquished Creatures
  3 black bears
  An ogre (D:4)
  2 phantoms
  2 necrophages
  A gnoll sergeant (D:5)
  A scorpion (D:4)
  2 hounds (D:4)
  2 jellies
  3 iguanas
  Terence (D:2)
  16 gnolls
  6 adders
  A shadow imp (D:6)
  2 ufetubi
  A worm (D:3)
  3 dart slugs
  2 orcs
  3 ball pythons
  14 endoplasms
  2 giant cockroaches
  8 goblins
  6 hobgoblins
  2 jackals (D:4)
  4 quokkas
  3 bats
  A frilled lizard (D:3)
  5 kobolds
  2 rats (D:1)
99 creatures vanquished.

Notes
Turn   | Place    | Note
-------+----------+-------------------------------------------
     0 | D:1      | Icepheonix32 the Minotaur Fighter began the quest for the
                  | Orb.
     0 | D:1      | Reached XP level 1. HP: 19/19 MP: 0/0
   191 | D:1      | Reached XP level 2. HP: 27/27 MP: 1/1
   218 | D:1      | Found a faded altar of an unknown god.
  1290 | D:2      | Reached XP level 3. HP: 33/33 MP: 2/2
  1367 | D:2      | Noticed Terence
  1374 | D:2      | Killed Terence
  1798 | D:2      | You fall into a shaft and drop 2 floors!
  1820 | D:4      | Reached XP level 4. HP: 36/41 MP: 3/3
  1825 | D:4      | Reached skill level 1 in Ice Magic
  1837 | D:4      | Noticed a scorpion
  1849 | D:4      | Killed a scorpion
  1850 | D:4      | Reached XP level 5. HP: 34/47 MP: 4/4
  1867 | D:4      | Found Qodea's Assorted Antiques.
  1881 | D:4      | Bought a puce potion for 17 gold pieces
  1881 | D:4      | Bought a pink potion for 17 gold pieces
  1881 | D:4      | Bought a clear potion for 17 gold pieces
  1881 | D:4      | Bought a bubbling dark potion for 17 gold pieces
  1881 | D:4      | Bought a bubbling inky potion for 17 gold pieces
  2204 | D:4      | Noticed an ogre
  2209 | D:4      | Killed an ogre
  2210 | D:4      | Reached XP level 6. HP: 43/53 MP: 5/5
  2273 | D:4      | Bought a potion of might for 76 gold pieces
  2336 | D:3      | Found a transporter.
  2344 | D:3      | Noticed a small abomination
  2358 | D:3      | Found a one-way gate to the infinite horrors of the Abyss.
  2373 | D:3      | Found a transporter.
  2373 | D:3      | Noticed lonewolfV2's ghost (weakling FeCj)
  2378 | D:3      | Noticed a small abomination
  2526 | D:3      | Found an ancient bone altar of Kikubaaqudgha.
  3180 | D:2      | Learned a level 3 spell: Ozocubu's Armour
  3336 | D:4      | Reached skill level 1 in Staves
  3673 | D:4      | Bought a shiny wooden wand for 76 gold pieces
  3689 | D:5      | Entered Level 5 of the Dungeon
  4111 | D:5      | Reached skill level 1 in Evocations
  4170 | D:5      | Found a hide-covered altar of Uskayaw.
  4180 | D:5      | Reached XP level 7. HP: 57/60 MP: 6/6
  4208 | D:5      | Found Riotriz's Weapon Emporium.
  4473 | D:5      | Learned a level 2 spell: Ensorcelled Hibernation
  5442 | D:6      | Reached XP level 8. HP: 53/67 MP: 1/7
  5850 | D:6      | Reached skill level 5 in Staves
  5850 | D:6      | Reached skill level 5 in Ice Magic
  5850 | D:6      | Found a sacrificial altar of Ru.
  6064 | D:6      | Found a basalt altar of Yredelemnul.
  6068 | D:6      | Found a shadowy altar of Dithmenos.
  6073 | D:6      | Found a radiant altar of Vehumet.
  6357 | D:6      | HP: 3/67 [ogre/+0 giant spiked club (15)]
  6358 | D:6      | Mangled by an ogre

Illustrated notes

Levels and vault maps discovered:
D:1:      heliophobic_arrival_enchanted_forest, layout_basic,
          basic_ecumenical_altar, minmay_misc_feat_iff
D:2:      layout_basic, minmay_tall_x, uniq_terence
D:3:      layout_basic, nicolae_kikubaaqudgha_miasma_corner,
          gammafunk_ghost_abyssal_escape
D:4:      layout_rooms, serial_shops, shop
D:5:      layout_layer_cave, lemuel_tele_altar, serial_shops,
          nicolae_shop_crystal
D:6:      layout_loops_ring, grunt_temple_overflow_diamond, lemuel_round_altar,
          corner_web_ring

Skill      XL: |  1  2  3  4  5  6  7  8 |
---------------+-------------------------+-----
Fighting       | 4 |  4.4
Shields        | 4 |  4.1
Armour         | 4 |  4.2
Axes           | 3 |  3.3
Ice Magic      | 2 3 4 5 |  5.1
Staves         | 2 4 5 |  5.4
Evocations     | 1 2 3 |  3.1
Dodging        | |  0.1

Action                   |  1- 3 |  4- 6 |  7- 9 || total
-------------------------+-------+-------+-------++-------
Melee: War axe           |    59 |    61 |       ||   120
       Headbutt          |     6 |    17 |    28 ||    51
       Staff             |     4 |    53 |   138 ||   195
       Punch             |       |       |     2 ||     2
Throw: Boomerang         |       |     3 |     5 ||     8
 Cast: Ozocubu's Armour  |       |     3 |     5 ||     8
       Ensorcelled Hiber |       |       |     7 ||     7
  Use: Scroll            |     3 |     9 |       ||    12
       Potion            |     1 |     1 |     2 ||     4
 Stab: Sleeping          |       |       |     2 ||     2
Armor: Scale mail        |    25 |    11 |       ||    36
       Ring mail         |       |    42 |    75 ||   117
Dodge: Dodged            |    25 |    81 |    90 ||   196
Block: Buckler           |    10 |    26 |       ||    36
